 Dungeon Crawl Stone Soup version 0.23.2-1-ga50397a6bc (webtiles) character file.

Game seed: 6010542309257447959

55 Mithandil the Sneak (level 3, -1/31 HPs)
             Began as a Ghoul Assassin on May 30, 2019.
             Killed from afar by Natasha (4 damage)
             ... with a magic dart
             ... on level 2 of the Dungeon.
             The game lasted 00:15:57 (1379 turns).

Mithandil the Sneak (Ghoul Assassin)                Turns: 1379, Time: 00:15:58

Health: -1/31      AC:  4    Str: 14    XL:     3   Next: 93%
Magic:  2/2        EV: 12    Int:  6    God:
Gold:   80         SH:  0    Dex: 11    Spells: 2/2 levels left

rFire    . . .     SeeInvis .   a - +0 hand axe (curse)
rCold    + . .     Gourm    .   (no shield)
rNeg     + + +     Faith    .   j - +0 leather armour
rPois    ∞         Spirit   .   (no helmet)
rElec    .         Reflect  .   d - +0 cloak
rCorr    .         Harm     .   (no gloves)
MR       .....                  (no boots)
Stlth    ++........             (no amulet)
HPRegen  0.00/turn              t - ring of wizardry
MPRegen  0.08/turn              (no ring)

@: rotting, slowed, very slow
A: rotting body, claws 1, carnivore, cold resistance 1, negative energy
resistance 3, inhibited regeneration, torment resistance, unbreathing
a: no special abilities


You were on level 2 of the Dungeon.
You were not hungry.

You visited 1 branch of the dungeon, and saw 2 of its levels.

You collected 80 gold pieces.

Inventory:

Hand Weapons
 a - a cursed +0 hand axe (weapon)
 b - a +0 blowgun
 k - a +0 short sword
 m - a +0 hunting sling
 x - a +0 flail of crushing
Missiles
 e - 8 poisoned needles
 f - 2 curare-tipped needles
 l - a stone (quivered)
 o - 6 tomahawks
 q - 6 arrows
 s - 14 sling bullets
 u - 6 large rocks
Armour
 d - a +0 cloak (worn)
 j - a +0 leather armour (worn)
 n - a +0 shield
Jewellery
 t - a ring of wizardry (left claw)
 z - an uncursed ring of poison resistance {unknown}
Scrolls
 c - a scroll of magic mapping {unknown}
 r - a scroll of teleportation {unknown}
 y - 3 scrolls of remove curse {unknown}
Potions
 h - a potion of heal wounds {unknown}
 p - a potion of curing {unknown}
 w - a potion of flight {unknown}
Comestibles
 g - 6 rations
 i - a chunk of flesh


   Skills:
 + Level 3.1 Fighting
 - Level 1.7 Short Blades
 - Level 1.7 Throwing
 + Level 2.0 Dodging
 + Level 5.0 Stealth


You had 2 spell levels left.
You didn't know any spells.
Your spell library was empty.

Dungeon Overview and Level Annotations

Branches:
Dungeon (2/15)

Altars:

Annotations:
D:2 Natasha


Innate Abilities, Weirdness & Mutations

Your body is rotting away.
You thrive on raw meat.
You are immune to poison.
You have sharp fingernails.
You are carnivorous and can eat meat at any time.
Your flesh is cold resistant. (rC+)
You are immune to negative energy. (rN+++)
You do not regenerate when monsters are visible.
You are immune to unholy pain and torment.
You can survive without breathing.


Message History

Natasha is moderately wounded.
You barely miss the white imp.
The white imp shouts, "Run away, thou artless beef-witted garbage dump!"
The white imp gestures at you. The puff of frost hits you. You resist.
* * * LOW HITPOINT WARNING * * *
Natasha closely misses you. The white imp gestures at you.
The puff of frost hits you. You resist.
* * * LOW HITPOINT WARNING * * *
Natasha mumbles some strange words.
Natasha's front paws start to glow.
Natasha claws you.
* * * LOW HITPOINT WARNING * * *
You hit Natasha.
Natasha is severely wounded.
You closely miss the white imp. The white imp closely misses you.
Natasha stares at you and mumbles some strange words.
The magic dart hits you.
You die...

...#.## ... ..
.....# #.. .#
.....# #..# .##
#. ..<÷## .##
##.. ... #.
..<.###### .
##..# #.# ##
.........# ...#
#.########
....####.# #..#
#.#......#
...## #.####h5#
#.#.####.# ...#
#....@5.# #.#.#
#.### ...#
#####...###.#.#
#.... ..##
#....).....#
##### .#
##...###.### #
...........#
############


You could see Natasha and 2 white imps.

Vanquished Creatures
  An ooze (D:1)
  A worm (D:2)
  2 dart slugs (D:1)
  An orc (D:2)
  6 bats
  A giant cockroach (D:1)
  2 goblins (D:1)
  6 hobgoblins
  3 jackals (D:2)
  5 frilled lizards
  4 kobolds
  11 rats
43 creatures vanquished.

Notes
Turn   | Place    | Note
-------+----------+-------------------------------------------
     0 | D:1      | Mithandil the Ghoul Assassin began the quest for the Orb.
     0 | D:1      | Reached XP level 1. HP: 17/17 MP: 0/0
    40 | D:1      | Reached skill level 1 in Dodging
   118 | D:1      | Reached XP level 2. HP: 17/24 MP: 1/1
   369 | D:1      | Reached XP level 3. HP: 30/30 MP: 2/2
  1109 | D:2      | Reached skill level 5 in Stealth
  1367 | D:2      | Noticed Natasha
  1379 | D:2      | Killed from afar by Natasha

Skill      XL: |  1  2  3 |
---------------+----------+-----
Dodging        | 1 2 |  2.0
Fighting       | 3 |  3.1
Stealth        | 5 |  5.0
Short Blades   | |  1.7
Throwing       | |  1.7

Action                   || total
-------------------------++-------
Melee: Dagger            ||    26
       Short sword       ||    42
       Hand axe          ||    80
 Fire: Blowgun           ||     2
  Use: Scroll            ||     2
 Stab: Sleeping          ||     7
  Eat: Chunk             ||    18
Armor: Robe              ||     4
       Leather armour    ||    54
Dodge: Dodged            ||   115
